 Dungeon Crawl Stone Soup version 0.29-a0-371-g91724d5b39 (webtiles) character file.

Game seed: 8299723794587146479

6 lesaewzxc the Firebug (level 1, 0/16 HPs)
             Began as an Ogre Fire Elementalist on May 2, 2022.
             Slain by a hobgoblin (4 damage)
             ... on level 1 of the Dungeon.
             The game lasted 00:04:57 (543 turns).

lesaewzxc the Firebug (Ogre Fire Elementalist)       Turns: 543, Time: 00:04:57

Health: 0/16       AC:  3    Str: 11    XL:     1   Next: 90%
Magic:  4/4        EV:  9    Int: 16    God:
Gold:   0          SH:  0    Dex:  9    Spells: 4/5 levels left

rFire   . . .      SeeInvis .   d - +0 dagger
rCold   . . .      Faith    .   (no shield)
rNeg    . . .      Spirit   .   a - +0 robe
rPois   .          Reflect  .   (helmet restricted)
rElec   .          Harm     .   (no cloak)
rCorr   .          Rampage  .   (gloves unavailable)
Will    .....                   (boots unavailable)
Stlth   +.........              (no amulet)
HPRegen 0.05/turn               (no ring)
MPRegen 0.09/turn               (no ring)

@: no status effects
A: large, unfitting armour, tough skin 1
a: no special abilities


You were on level 1 of the Dungeon.
You visited 1 branch of the dungeon, and saw 1 of its levels.

Inventory:

Hand Weapons
 d - a +0 dagger (weapon)
Armour
 a - a +0 robe (worn)
Scrolls
 e - 2 scrolls of identify {unknown}
Potions
 b - a potion of magic
 c - a potion of lignification {unknown}


   Skills:
 + Level 0.3 Fighting
 + Level 0.0 Short Blades
 * Level 1.9 Dodging
 + Level 1.4 Stealth
 * Level 2.5 Spellcasting
 + Level 1.0 Conjurations
 * Level 2.7 Fire Magic


You had 4 spell levels left.
You knew the following spells:

 Your Spells              Type           Power      Damage    Failure   Level
a - Foxfire               Conj/Fire      32%        2x1d5     9%          1

Your spell library contained the following spells:

 Spells                   Type           Power      Damage    Failure   Level
 Scorch                   Fire           20%        2d6       10%         2
 Conjure Flame            Conj/Fire      8%         6-21      26%         3
 Inner Flame              Hex/Fire       6%         N/A       32%         3
 Flame Wave               Conj/Fire      8%         2d5       65%         4


Dungeon Overview and Level Annotations

Branches:
Dungeon (1/15)

Altars:


Innate Abilities, Weirdness & Mutations

You are too large for most types of armour.
You have tough skin. (AC +1)


Message History

The kobold hits you but does no damage.
You hit the kobold but do no damage.
The kobold is severely wounded.
The kobold hits you but does no damage.
You barely miss the kobold.
The kobold is severely wounded.
The kobold hits you with a +0 short sword.
* * * LOW HITPOINT WARNING * * *
You barely miss the kobold.
The kobold is severely wounded.
The kobold barely misses you.
You barely miss the kobold.
The kobold is severely wounded.
The kobold completely misses you.
You hit the kobold.
You kill the kobold!
Things that are here:
a +0 short sword; a stone; a kobold corpse
Found a scroll labelled SUTWUY RUKE.
e - a scroll labelled SUTWUY RUKE
e - 2 scrolls labelled SUTWUY RUKE (gained 1)
A hobgoblin comes into view.
The hobgoblin shouts!
The hobgoblin hits you but does no damage.
You hit the hobgoblin but do no damage. The hobgoblin hits you.
You barely miss the hobgoblin. The hobgoblin barely misses you.
You hit the hobgoblin but do no damage. The hobgoblin hits you.
* * * LOW HITPOINT WARNING * * *
You barely miss the hobgoblin.
The hobgoblin hits you but does no damage.
You hit the hobgoblin.
The hobgoblin is lightly wounded.
The hobgoblin closely misses you.
You hit the hobgoblin.
The hobgoblin is heavily wounded.
The hobgoblin barely misses you.
You closely miss the hobgoblin.
The hobgoblin is heavily wounded.
The hobgoblin hits you.
You die...

######...........#
#####.##..##.....
#..#..# ....
##.#..# ...
#########.#..# ..
#............# .
#.........)..# ..
#........#.>###....
#......g@..........
#.........#.#######
####......#.#
#......#.#
##....##.#
#....##.# #######.#
#.# #.#


You could see a hobgoblin.

Vanquished Creatures
  A goblin (D:1)
  2 ball pythons (D:1)
  2 kobolds (D:1)
  2 rats (D:1)
7 creatures vanquished.

Vanquished Creatures (others)
  3 foxfires (D:1)
  3 plants (D:1)
6 creatures vanquished.

Grand Total: 13 creatures vanquished

Notes
Turn   | Place    | Note
-------+----------+-------------------------------------------
     0 | D:1      | lesaewzxc the Ogre Fire Elementalist began the quest for
                  | the Orb.
     0 | D:1      | Reached XP level 1. HP: 16/16 MP: 3/3
   401 | D:1      | Reached skill level 1 in Conjurations
   543 | D:1      | Slain by a hobgoblin

Illustrated notes

Levels and vault maps discovered:
D:1:      lightli_arrival_windingriver, layout_basic,
          hellmonk_ecumenical_altar_crossroads

Skill      XL: |  1 |
---------------+----+-----
Conjurations   | 1 |  1.0
Fighting       | |  0.3
Dodging        | |  1.9
Stealth        | |  1.4
Spellcasting   | |  2.5
Fire Magic     | |  2.7

Action                   || total
-------------------------++-------
Melee: Unarmed           ||    46
       Dagger            ||    16
 Cast: Foxfire           ||     2
Armor: Robe              ||    16
Dodge: Dodged            ||    21

Table legend: (Time is in decaauts)
 A = Elapsed time spent in this place.
 B = Non-inter-level travel time spent in this place.
 C = Inter-level travel time spent in this place.
 D = Time resting spent in this place.
 E = Time spent auto-exploring this place.
 F = Levels seen in this place.
 G = Mean time per level.
                   A        B        C        D        E       F      G
               +--------+--------+--------+--------+--------+-----+--------+
         Total |    545 |    545 |      0 |     15 |      0 |   1 |  545.0 |
       Dungeon |    545 |    545 |      0 |     15 |      0 |   1 |  545.0 |
               +--------+--------+--------+--------+--------+-----+--------+

Top non-repeatable levels by time:
     D:1: 545 daAuts
